 Dungeon Crawl Stone Soup version 0.19.5 (webtiles) character file.

1745 Keye the Cleaver (level 8, -4/68 HPs)
             Began as a Deep Dwarf Fighter on May 11, 2017.
             Was an Initiate of Makhleb.
             Slain by a hornet (7 damage)
             ... on level 7 of the Dungeon.
             The game lasted 00:10:46 (5026 turns).

Keye the Cleaver (Deep Dwarf Fighter)               Turns: 5026, Time: 00:10:47

Health: -4/68      AC: 11    Str: 22    XL:     8   Next: 77%
Magic:  8/8        EV: 12    Int:  8    God:    Makhleb [......]
Gold:   464        SH:  5    Dex: 13    Spells: 0 memorised, 7 levels left

rFire  . . .     SeeInvis .     a - +0 war axe
rCold  . . .     Gourm    .     b - +0 scale mail
rNeg   . . .     Faith    .     (no shield)
rPois  .         Spirit   .     (no helmet)
rElec  .         Reflect  +     z - +1 cloak
rCorr  .         Harm     .     u - +1 pair of gloves
MR     +....                    (no boots)
Stlth  ..........               v - +5 amulet of reflection
                                n - +3 ring of evasion
                                i - +1 ring of slaying

@: lethally poisoned (-4 -> -4), non-regenerating
A: damage resistance, recharge devices, sense surroundings 1, slow regeneration
3
a: Device Recharging, Renounce Religion


You were on level 7 of the Dungeon.
You worshipped Makhleb.
Makhleb was noncommittal.
You were not hungry.

You visited 1 branch of the dungeon, and saw 7 of its levels.

You collected 464 gold pieces.

Inventory:

Hand Weapons
 a - a +0 war axe (weapon)
 r - a +1 long sword of holy wrath
 y - a +2 quarterstaff of chaos
Armour
 b - a +0 scale mail (worn)
 c - a +0 shield
 u - a +1 pair of gloves (worn)
 z - a +1 cloak (worn)
Jewellery
 i - a +1 ring of slaying (left hand)
 n - a +3 ring of evasion (right hand)
 t - an uncursed ring of fire {unknown}
 v - a +5 amulet of reflection (around neck)
 H - a +4 amulet of reflection
Wands
 e - a wand of heal wounds (1/9)
 E - a wand of confusion (22/48)
 G - a wand of disintegration (4/24)
Scrolls
 j - 2 scrolls of remove curse
 k - 3 scrolls of teleportation
 o - 3 scrolls of blinking
 s - 5 scrolls of identify
 A - a scroll of fog
 C - a scroll of enchant weapon {unknown}
 I - a scroll of enchant armour
 J - a scroll of fear {unknown}
Potions
 d - a potion of might
 l - 6 potions of curing
 m - a potion of degeneration {unknown}
 q - 2 potions of ambrosia {unknown}
 x - a potion of berserk rage {unknown}
 B - a potion of cure mutation {unknown}
 D - a potion of invisibility {unknown}
 F - 2 potions of agility {unknown}
Comestibles
 f - 6 bread rations
 g - 3 beef jerkies
 h - 2 slices of pizza
 p - 2 meat rations
 w - 7 fruits


   Skills:
 - Level 2.6 Fighting
 + Level 12.2 Axes
 - Level 3.2 Armour
 - Level 3.2 Shields


You had 7 spell levels left.
You didn't know any spells.

Dungeon Overview and Level Annotations

Branches:
Dungeon (7/15)
 Temple: D:4-7

Altars:
Dithmenos
Kikubaaqudgha
Makhleb
Nemelex Xobeh
Xom
Yredelemnul

Shops:
D:6 :*   D:7 :?=


Innate Abilities, Weirdness & Mutations

You are resistant to damage.
You can recharge devices by infusing magical energy.
You passively map a small area around you.
You do not regenerate.


Message History

You block the hornet's attack.
You hit the hornet but do no damage.
The hornet is moderately wounded.
The hornet stings you but does no damage.
The hornet misses you.
Your scale mail prevents you from hitting the hornet.
The hornet is moderately wounded.
You feel yourself speed up.
The hornet stings you but does no damage.
The hornet closely misses you.
You closely miss the hornet.
The hornet is moderately wounded.
The hornet barely misses you.
You hit the hornet but do no damage.
The hornet is moderately wounded.
The hornet closely misses you.
You barely miss the hornet.
The hornet is moderately wounded.
The hornet barely misses you. The hornet stings you!
You die...

....###8###⌠###8#.....'...>..#
....# ### #######.....##.###.#
....# #.... ########.###.####
....# #....+#### #........#
....# #........# ##....<##.#
##### ........# #.......... *
#......####...#.....# * *
####....$.##.....#.##..# ...
........y@..##.##.....#.##
#............####..##.##..#..#.#
#............# ##.##.....####.#
.............# #.#####.## #.#
..)..........# #.# #.#####.#
.............#####'#####....##.#
...............................#
.........................####.##
......................().##...#


You could see a hornet.

Vanquished Creatures
  Pikel (D:6)
  Eustachio (D:6)
  3 slaves (D:6)
  2 ice beasts (D:7)
  A sky beast (D:5)
  2 ogres
  A big kobold (D:7)
  A scorpion (D:6)
  A crimson imp (D:5)
  A bullfrog zombie (D:5)
  A gnoll shaman (D:6)
  An orc priest (D:3)
  A hound (D:6)
  Crazy Yiuf (D:2)
  An iguana (D:4)
  6 worker ants
  A hound zombie (D:6)
  A hound skeleton (D:5)
  A howler monkey skeleton (D:4)
  7 adders
  5 gnolls (D:6)
  A shadow imp (D:7)
  2 oozes
  An adder zombie (D:5)
  An adder skeleton (D:6)
  3 worms
  2 dart slugs
  3 leopard geckos
  7 orcs
  7 bats
  2 giant cockroaches
  2 gnoll zombies (D:4)
  4 goblins
  5 hobgoblins
  4 jackals (D:2)
  3 quokkas
  2 ball pythons
  5 frilled lizards
  A jackal skeleton (D:6)
  7 kobolds
  A leopard gecko zombie (D:5)
  5 rats
108 creatures vanquished.

Notes
Turn   | Place    | Note
-------+----------+-------------------------------------------
     0 | D:1      | Keye the Deep Dwarf Fighter began the quest for the Orb.
     0 | D:1      | Reached XP level 1. HP: 20/20 MP: 1/1
   693 | D:2      | Reached skill level 3 in Axes
   724 | D:2      | Reached XP level 2. HP: 6/27 MP: 2/2
   773 | D:2      | Reached XP level 3. HP: 25/33 MP: 3/3
   917 | D:2      | Reached skill level 4 in Axes
  1230 | D:2      | Reached XP level 4. HP: 14/40 MP: 4/4
  1543 | D:2      | Found a runed door.
  1688 | D:2      | Reached skill level 5 in Axes
  1846 | D:2      | Noticed Crazy Yiuf
  1849 | D:2      | Killed Crazy Yiuf
  1911 | D:3      | Found an ancient bone altar of Kikubaaqudgha.
  1945 | D:3      | Reached XP level 5. HP: 4/46 MP: 5/5
  2123 | D:3      | Reached skill level 6 in Axes
  2453 | D:3      | Found a faded altar of an unknown god.
  2589 | D:3      | Found a shimmering altar of Xom.
  2590 | D:3      | Found a shadowy altar of Dithmenos.
  3130 | D:4      | Noticed an ogre
  3135 | D:4      | Killed an ogre
  3135 | D:4      | Reached skill level 7 in Axes
  3135 | D:4      | Reached XP level 6. HP: 38/55 MP: 6/6
  3152 | D:4      | Found a basalt altar of Yredelemnul.
  3399 | D:5      | Entered Level 5 of the Dungeon
  3743 | D:5      | Reached skill level 8 in Axes
  3750 | D:5      | Noticed a sky beast
  3765 | D:5      | Killed a sky beast
  3765 | D:5      | Reached XP level 7. HP: 30/61 MP: 7/7
  3887 | D:5      | Found a sparkling altar of Nemelex Xobeh.
  3894 | D:5      | Found a burning altar of Makhleb.
  3898 | D:5      | Became a worshipper of Makhleb the Destroyer
  4250 | D:6      | Noticed Pikel
  4266 | D:6      | Killed Pikel
  4266 | D:6      | Reached skill level 10 in Axes
  4266 | D:6      | Reached XP level 8. HP: 23/68 MP: 8/8
  4376 | D:6      | Found Ukovixt's Book Shop.
  4527 | D:6      | Reached skill level 11 in Axes
  4535 | D:6      | Found a sparkling altar of Nemelex Xobeh.
  4555 | D:6      | Found Cuopliwk's General Store.
  4670 | D:6      | Noticed Eustachio
  4695 | D:6      | Killed Eustachio
  4807 | D:7      | Reached skill level 12 in Axes
  4809 | D:7      | Found Igey's Gadget Boutique.
  4864 | D:7      | Found Fix Hivy's Jewellery Emporium.
  4867 | D:7      | Found Oceroosu's Magic Scroll Shop.
  4868 | D:7      | Found Zuymoh's Book Shoppe.
  5016 | D:7      | Noticed a hornet
  5019 | D:7      | HP: 3/68 [hornet (5)]
  5026 | D:7      | Slain by a hornet

Skill      XL: |  1  2  3  4  5  6  7  8 |
---------------+-------------------------+-----
Axes           | 3 4 5 7 8 10 12 | 12.2
Fighting       | |  2.6
Armour         | |  3.2
Shields        | |  3.2

Action                   |  1- 3 |  4- 6 |  7- 9 || total
-------------------------+-------+-------+-------++-------
Melee: War axe           |   112 |   194 |   153 ||   459
Evoke: Wand              |     1 |     3 |     3 ||     7
  Use: Scroll            |       |    10 |       ||    10
  Eat: Chunk             |     1 |     7 |     6 ||    14
Armor: Scale mail        |    61 |    87 |    56 ||   204
Dodge: Dodged            |    63 |   112 |    93 ||   268
Block: Other             |       |    18 |    29 ||    47
       Reflection        |       |       |     1 ||     1
